 Dungeon Crawl Stone Soup version 0.31.0-11-ge490571c62 (webtiles) character file.

Game seed: 2409900936090688999

231 qw the Skirmisher (level 5, -3/29 HPs)
             Began as a Deep Elf Hunter on Feb 4, 2024.
             Killed by divine providence
             ... invoked by an orc priest
              (14 damage)
             ... on level 3 of the Dungeon.
             The game lasted 00:00:06 (1793 turns).

qw the Skirmisher (Deep Elf Hunter)                 Turns: 1793, Time: 00:00:07

Health: -3/29      AC:  3    Str: 10    XL:     5   Next: 73%
Magic:  7/7        EV: 12    Int: 14    God:
Gold:   110        SH:  0    Dex: 18    Spells: 4/4 levels left

rFire   . . .        a - +0 shortbow
rCold   . . .        (shield currently unavailable)
rNeg    . . .        c - +0 leather armour
rPois   .            (no helmet)
rElec   .            (no cloak)
rCorr   .            (no gloves)
SInv    .            (no boots)
Will    .....        (no amulet)
Stlth   ++           (no ring)
HPRegen 0.24/turn    (no ring)
MPRegen 0.10/turn

%: no passive effects
@: no status effects
A: no striking features
a: no special abilities


You were on level 3 of the Dungeon.
You visited 1 branch of the dungeon, and saw 3 of its levels.

You collected 110 gold pieces.


   Skills:
 + Level 1.6 Fighting
 - Level 9.1 Ranged Weapons
 - Level 3.0 Dodging
 - Level 1.2 Stealth


You had 4 spell levels left.
You didn't know any spells.
Your spell library was empty.

Inventory:

Hand Weapons
 a - a +0 shortbow (weapon)
Armour
 c - a +0 leather armour (worn)
Scrolls
 b - a scroll of enchant weapon {unknown}
Potions
 f - a potion of heal wounds
 g - a potion of curing
 i - a potion of haste
 j - a potion of magic {unknown}
 k - a potion of ambrosia {unknown}

Dungeon Overview and Level Annotations

Branches:
Dungeon (3/15)

Altars:
Makhleb

Shops:
D:1 =


Message History

You shoot an arrow. The arrow barely misses the orc.
The arrow hits the orc priest but does no damage.
The orc priest is lightly wounded.
A rat comes into view.
You shoot an arrow. The arrow closely misses the orc.
The rat squeaks loudly.
The arrow hits the rat!
You kill the rat!
You shoot an arrow. The arrow hits the orc.
The orc is almost dead.
The orc closely misses you.
You shoot an arrow.
The arrow hits the orc but does no damage.
The orc is almost dead.
The orc hits you with a +0 club.
You shoot an arrow. The arrow barely misses the orc.
The orc closely misses you.
You shoot an arrow. The arrow closely misses the orc.
The arrow hits the orc priest but does no damage.
The orc priest calls upon Beogh to heal the orc.
The orc is healed somewhat.
The orc hits you with a +0 club.
You shoot an arrow. The arrow hits the orc!
You kill the orc!
The orc priest casts a cantrip, but nothing happens.
Your Dodging skill increases to level 3!
You shoot an arrow. The arrow hits the orc.
The orc is heavily wounded.
You shoot an arrow. The arrow hits the orc!
You kill the orc!
The orc priest closely misses you.
You shoot an arrow. The arrow hits the orc priest.
The orc priest is heavily wounded.
The orc priest invokes the aid of Beogh against you.
Beogh smites you!
Ouch! That really hurt!
You shoot an arrow.
The arrow closely misses the orc priest.
The orc priest calls down the wrath of Beogh upon you.
Beogh smites you!
You die...

#..... #% ..... ##$.
#....# .... #.....
... #....# ..#
#....##.##...
#....)oB...# .
###.##.@####### .
#^............. #.
####.#..>.....####
#.####....#........#
#..........##%.###.#
.###.%.#######%%P#
## .......## .%...P
.....#.<######....##
...####....# .#....#


You could see a bombardier beetle and an orc priest.

Vanquished Creatures
  Sigmund (D:2)
  4 adders
  3 dart slugs
  2 orcs (D:3)
  5 ball pythons
  4 endoplasms
  3 giant cockroaches
  A goblin (D:2)
  4 hobgoblins
  3 quokkas
  2 frilled lizards (D:2)
  2 kobolds (D:1)
  4 rats
38 creatures vanquished.

Notes
Turn   | Place    | Note
-------+----------+-------------------------------------------
     0 | D:1      | qw the Deep Elf Hunter began the quest for the Orb.
     0 | D:1      | Reached XP level 1. HP: 12/12 MP: 3/3
     0 | D:1      | 0 ||| qw: Version: 0.3-a-160-g6735b56
     0 | D:1      | 0 ||| qw: Game counter: 5223
     0 | D:1      | 0 ||| qw: Melee chars always use a shield: true
     0 | D:1      | 0 ||| qw: God list: Okawaru
     0 | D:1      | 0 ||| qw: Allow faded altars: false
     0 | D:1      | 0 ||| qw: Do Orc after clearing Dungeon:15 true
     0 | D:1      | 0 ||| qw: Do second Lair branch before Depths: true
     0 | D:1      | 0 ||| qw: Lair rune preference: random
     0 | D:1      | 0 ||| qw: Goals: Normal
     0 | D:1      | 0 ||| PLANNING D:1-11
   319 | D:1      | Reached XP level 2. HP: 16/16 MP: 4/4
   380 | D:1      | Reached skill level 6 in Ranged Weapons
   430 | D:1      | Found a faded altar of an unknown god.
   741 | D:1      | Found Toiptungis's Jewellery Emporium.
   750 | D:1      | 750 ||| SHOPLISTING ring of Sumnufug {rN+ Will- Str+4} (312
                  | gold, have 61).
   750 | D:1      | 750 ||| SHOPLISTING ring of ice (250 gold, have 61).
   750 | D:1      | 750 ||| SHOPLISTING ring of poison resistance (200 gold,
                  | have 61).
   750 | D:1      | 750 ||| SHOPLISTING ring of resist corrosion (200 gold,
                  | have 61).
   750 | D:1      | 750 ||| SHOPLISTING ring of willpower (250 gold, have 61).
   808 | D:1      | 808 ||| READING 2 scrolls labelled BITTAPH PA CER.
   809 | D:1      | 809 ||| DRINKING 2 sedimented clear potions.
   810 | D:1      | 810 ||| DROPPING scroll of butterflies.
   811 | D:1      | 811 ||| DROPPING scroll of blinking.
   812 | D:1      | 812 ||| DROPPING potion of attraction.
   904 | D:2      | Reached XP level 3. HP: 19/20 MP: 5/5
  1046 | D:2      | Reached skill level 7 in Ranged Weapons
  1159 | D:2      | Noticed Sigmund
  1173 | D:2      | Killed Sigmund
  1174 | D:2      | Reached skill level 9 in Ranged Weapons
  1174 | D:2      | Reached XP level 4. HP: 12/25 MP: 6/6
  1174 | D:2      | Reached XP level 5. HP: 14/29 MP: 7/7
  1329 | D:2      | Found a burning altar of Makhleb.
  1731 | D:2      | 1731 ||| READING 2 scrolls labelled SIERPH BAIKH.
  1731 | D:2      | 1731 ||| IDENTIFYING bubbling black potion
  1732 | D:2      | 1732 ||| READING scroll of identify.
  1732 | D:2      | 1732 ||| IDENTIFYING purple potion
  1733 | D:2      | 1733 ||| READING scroll labelled FAZXYD FUXOCK.
  1736 | D:2      | 1736 ||| DRINKING 2 golden potions.
  1737 | D:2      | 1737 ||| DRINKING 2 fizzy ruby potions.
  1738 | D:2      | 1738 ||| DROPPING potion of lignification.
  1790 | D:3      | Reached skill level 3 in Dodging
  1793 | D:3      | Killed from afar by an orc priest

Levels and vault maps discovered:
D:1:      dpeg_arrival_three_same_balls, layout_loops_corners, serial_shops,
          shop, ebering_ecumenical_altar_abandoned, minmay_misc_feat_columns
D:2:      layout_basic, basic_altar, minmay_gold_behind_fungi, uniq_sigmund
D:3:      layout_rooms, nicolae_uskayaw_en_pointe, glass_columns_b,
          hangedman_decor_clover_reticule, minmay_shallow_snake_nest

Skill      XL: |  1  2  3  4  5 |
---------------+----------------+-----
Ranged Weapons | 6 9 |  9.1
Dodging        | 3 |  3.0
Fighting       | |  1.6
Stealth        | |  1.2

Action                     |  1- 3 |  4- 6 || total
---------------------------+-------+-------++-------
   Fire: Shortbow          |    97 |    31 ||   128
    Use: Scroll            |     1 |     3 ||     4
         Potion            |     1 |     2 ||     3
 Armour: Leather armour    |    26 |     2 ||    28
  Dodge: Dodged            |    22 |     3 ||    25

Table legend:
 A = Non-vault XP
 B = Vault XP
 C = Vault XP percentage of total XP
 D = Non-vault monster count
 E = Vault monster count
 F = Vault count percentage of total count
                 A         B        C        D         E       F
            +---------+---------+-------+---------+---------+-------
      Total |      99 |     232 |  70.1 |      33 |       5 |  13.2
            +---------+---------+-------+---------+---------+-------
        D:1 |      26 |       0 |   0.0 |      14 |       0 |   0.0
        D:2 |      63 |     214 |  77.3 |      14 |       1 |   6.7
        D:3 |      10 |      18 |  64.3 |       5 |       4 |  44.4
            +---------+---------+-------+---------+---------+-------
